 Dungeon Crawl Stone Soup version 0.18-a0-1575-g920359c (webtiles) character file.

1187 Eldritch the Covered (level 8, -11/73 HPs)
             Began as a Deep Dwarf Fighter on Mar 16, 2016.
             Killed by an exploding fulminant prism (26 damage)
             ... created by Kohinoor's ghost
             ... on level 6 of the Dungeon.
             The game lasted 00:07:06 (4357 turns).

Eldritch the Covered (Deep Dwarf Fighter)           Turns: 4357, Time: 00:07:06

Health: -11/73     AC:  7    Str: 26    XL:     8   Next: 19%
Magic:  7/7        EV: 10    Int: 10    God:
Gold:   302        SH: 12    Dex: 12    Spells: 0 memorised, 7 levels left

rFire  . . .     SeeInvis .     a - +1 war axe
rCold  . . .     Gourm    .     b - +0 scale mail
rNeg   . . .     Faith    .     c - +1 shield
rPois  .         Spirit   .     (no helmet)
rElec  .         Dismiss  .     (no cloak)
rCorr  .         Reflect  .     (no gloves)
SustAt .         Harm     .     (no boots)
MR     +....                    (no amulet)
Stlth  ..........               (no ring)
                                (no ring)

@: mighty, lethally poisoned (-11 -> -27), non-regenerating, somewhat resistant
to hostile enchantments, extremely unstealthy
A: damage resistance, recharge devices, sense surroundings 1, slow regeneration
3
a: Device Recharging


You were on level 6 of the Dungeon.
You were not hungry.

You visited 1 branch of the dungeon, and saw 6 of its levels.
You also visited: Sewer.

You collected 302 gold pieces.

Inventory:

Hand Weapons
 a - a +1 war axe (weapon)
Armour
 b - a +0 scale mail (worn)
 c - a +1 shield (worn)
 s - a +0 large shield
Wands
 d - a wand of iceblast (10/15)
 e - a wand of heal wounds (0/9)
 w - a wand of acid (5/15)
 A - a wand of lightning (11/15)
Scrolls
 g - 4 scrolls of remove curse
 i - 2 scrolls of enchant weapon
 l - 4 scrolls of identify
 n - 2 scrolls of enchant armour
 o - a scroll of random uselessness {unknown}
 t - a scroll of fear {unknown}
 y - a scroll of immolation {unknown}
 C - a scroll of recharging {unknown}
 D - a scroll of blinking
 E - a scroll of silence {unknown}
Potions
 h - a potion of haste
 j - 5 potions of agility
 k - 3 potions of flight
 p - a potion of heal wounds
 q - a potion of cure mutation {unknown}
 r - 3 potions of curing {unknown}
 u - 4 potions of cancellation {unknown}
 v - a potion of degeneration {unknown}
 x - a potion of mutation {unknown}
 z - 3 potions of invisibility {unknown}
 B - a potion of resistance {unknown}
 F - a potion of might
Comestibles
 f - 3 bread rations
 m - 2 meat rations


   Skills:
 + Level 4.5 Fighting
 + Level 4.9 Axes
 + Level 6.0 Armour
 + Level 4.5 Dodging
 + Level 5.9 Shields
 + Level 0.6 Evocations


You had 7 spell levels left.
You didn't know any spells.

Dungeon Overview and Level Annotations

Branches:
Dungeon (6/15)
 Temple: D:4-7

Altars:
Nemelex Xobeh
Pakellas
Sif Muna

Annotations:
D:6 Kohinoor's ghost, novice DECj


Innate Abilities, Weirdness & Mutations

You are resistant to damage.
You can recharge devices by infusing magical energy.
You passively map a small area around you.
You do not regenerate naturally.


Message History

* * * LOW HITPOINT WARNING * * *
You are lethally poisoned!
You are too injured to fight recklessly!
Unknown command.
You are too injured to fight recklessly!
Unknown command.
You are too injured to fight recklessly!
You are too injured to fight recklessly!
You are too injured to fight recklessly!
Unknown command.
You are too injured to fight recklessly!
You slash Kohinoor's ghost!
Kohinoor's ghost is heavily damaged.
You slash the fulminant prism!
The fulminant prism is heavily damaged.
* * * LOW HITPOINT WARNING * * *
You feel very sick.
The fulminant prism explodes!
The blast of energy engulfs you!
You die...

* #.# #.# ,*..##
#.####.# *,
....(###.....#
*, #...######..
, #..........# *
##.#........ , ,
, * ####.#######
* ,
####.##.##### *
*#..W@......:#
...........###.#
** ####.#...#.#
, # ##.##.# *, *
* *#.##.# * , ,
,,, ..>$.# *
##.#### ..( *,
,, *


You could see Kohinoor's ghost.

Vanquished Creatures
  The ghost of casanoah the Magician, an amateur DEWz (D:4)
  2 phantoms (D:5)
  2 centaurs (D:5)
  A big kobold (Sewer)
  2 crimson imps (D:5)
  A jelly (D:6)
  2 orc wizards (D:5)
  A giant frog skeleton (D:5)
  Jessica (D:2)
  An iguana (D:5)
  2 worker ants (D:5)
  A hound skeleton (D:5)
  Robin (D:2)
  3 gnolls (D:2)
  13 adders
  3 river rats (Sewer)
  A shadow imp (D:5)
  2 oozes (D:1)
  4 adder skeletons
  A worm (D:3)
  3 giant geckos
  9 orcs
  14 bats
  3 giant cockroaches
  16 goblins
  9 hobgoblins
  8 jackals
  A ball python (D:3)
  6 giant newts
  12 kobolds
  A quokka skeleton (D:5)
  12 rats
139 creatures vanquished.

Vanquished Creatures (others)
  A hippogriff (D:4)
1 creature vanquished.

Grand Total: 140 creatures vanquished

Notes
Turn   | Place    | Note
--------------------------------------------------------------
     0 | D:1      | Eldritch the Deep Dwarf Fighter began the quest for the Orb.
     0 | D:1      | Reached XP level 1. HP: 20/20 MP: 1/1
   161 | D:1      | Reached XP level 2. HP: 18/27 MP: 2/2
   767 | D:2      | Reached XP level 3. HP: 34/34 MP: 3/3
   776 | D:2      | Reached skill level 1 in Dodging
   890 | D:2      | Noticed Robin
   890 | D:2      | Reached XP level 4. HP: 25/42 MP: 3/3
   910 | D:2      | Reached skill level 4 in Armour
   912 | D:2      | Killed Robin
  1002 | D:2      | Noticed Jessica
  1013 | D:2      | Killed Jessica
  1022 | D:2      | Reached XP level 5. HP: 19/49 MP: 4/4
  1808 | D:3      | Found a sparkling altar of Nemelex Xobeh.
  2071 | D:3      | Found a deep blue altar of Sif Muna.
  2368 | D:4      | Reached XP level 6. HP: 19/56 MP: 5/5
  2406 | D:4      | Noticed casanoah's ghost (amateur DEWz)
  2427 | D:4      | Killed casanoah's ghost
  2454 | D:4      | Found an oddly glowing altar of Pakellas.
  2454 | D:4      | Noticed an orange crystal statue
  2468 | D:4      | Killed a hippogriff
  2506 | D:4      | Found a glowing drain.
  2515 | Sewer    | Entered a sewer
  2606 | Sewer    | Reached skill level 5 in Shields
  2606 | Sewer    | Reached XP level 7. HP: 47/63 MP: 6/6
  2627 | Sewer    | Found a white marble altar of Elyvilon.
  2932 | D:4      | Found an oddly glowing altar of Pakellas.
  3129 | D:5      | Entered Level 5 of the Dungeon
  3411 | D:5      | Reached skill level 5 in Armour
  3833 | D:5      | Reached XP level 8. HP: 70/72 MP: 7/7
  3873 | D:5      | Reached skill level 6 in Armour
  4341 | D:6      | Noticed Kohinoor's ghost (novice DECj)
  4357 | D:6      | Killed by an exploding fulminant prism

Vault maps used:
D:1:      dpeg_arrival_rooms_b
D:2:      first_bread, uniq_robin, uniq_jessica
D:3:      nemelex_xobeh_ov_fountains_minmay, led_sif_pool
D:4:      lemuel_crystal_altar, portal_sewer_entry_d,
          gammafunk_pakellas_statue_experiment
D:6:      nicolae_overflow_crystal_walls, lemuel_temple_firewalk, serial_shops,
          shop
Sewer:    sewer_kobolds

Skill      XL: |  1  2  3  4  5  6  7  8 |
---------------+-------------------------+-----
Fighting       | 3 4 |  4.5
Dodging        | 1 2 3 4 |  4.5
Armour         | 4 5 6 |  6.0
Shields        | 4 5 |  5.9
Axes           | 3 4 |  4.9
Evocations     | |  0.6

Action                   |  1- 3 |  4- 6 |  7- 9 || total
-------------------------+-------+-------+-------++-------
Melee: War axe           |   118 |   263 |   175 ||   556
 Abil: Device Recharging |     1 |       |       ||     1
Evoke: Wand              |     3 |     4 |     4 ||    11
  Use: Scroll            |       |     8 |       ||     8
       Potion            |       |       |     7 ||     7
  Eat: Beef jerky        |       |     1 |     1 ||     2
       Bread ration      |       |     1 |     2 ||     3
